Map: Chantier naval orbital

Players

AgCl - Winner!

  • Race: Protoss Protoss
  • League: Grandmaster

노동청

  • Race: Terran Terran
  • League: Grandmaster

VOD

Have the link to the VOD?

Description

Time

  • Played on: June 6, 2015, 12:50 a.m.
  • Length: 16:19
Show
View Real Time Build Order
Export as new Build Order

AgCl Protoss - Winner!

Build Orders: Oracle Opening, Oracle Opening, Carrier Rush 

Get SALT Encoding   

  12  0:15  Pylon  
  12  0:20  Assimilator  
  13  0:21  Probe  
  13  0:36  Gateway  
  13  0:38  Probe (Chrono Boost)  
  15  0:50  Probe (Chrono Boost)  
  15  0:56  Probe (Chrono Boost)  
  16  1:04  Pylon  
  16  1:07  Probe (Chrono Boost)  
  17  1:16  Assimilator  
  18  1:19  Probe (Chrono Boost)  
  18  1:26  Probe (Chrono Boost)  
  18  1:31  Cybernetics Core  
  19  1:37  Probe (Chrono Boost)  
  20  1:49  Probe (Chrono Boost)  
  21  1:55  Probe (Chrono Boost)  
  22  2:07  Stargate  
  22  2:09  Mothership Core (Chrono Boost)  
  22  2:13  Warp Gate  
  24  2:17  Adept  
  26  2:27  Probe  
  27  2:50  Oracle  
  30  2:53  Nexus  
  30  3:00  Pylon  
  30  3:18  Probe (Chrono Boost)  
  32  3:28  Probe (Chrono Boost)  
  32  3:31  Fleet Beacon  
  32  3:35  Probe  
  33  3:47  Probe (Chrono Boost)  
  35  3:57  Probe (Chrono Boost)  
  35  4:04  Probe  
  35  4:08  Probe  
  37  4:16  Probe, Carrier (Chrono Boost)  
  38  4:21  Nexus  
  38  4:27  Probe  
  38  4:28  Probe  
  46  4:46  Probe (Chrono Boost)  
  46  4:50  Forge  
  48  4:56  Probe (Chrono Boost)  
  48  4:58  Probe (Chrono Boost)  
  49  5:06  Probe x2 (Chrono Boost)  
  51  5:08  Protoss Air Weapons Level 1 (Chrono Boost)  
  51  5:14  Graviton Catapult  
  51  5:15  Probe  
  51  5:19  Assimilator  
  51  5:20  Pylon  
  52  5:25  Photon Cannon  
  52  5:30  Carrier (Chrono Boost)  
  54  5:36  Probe x2 (Chrono Boost)  
  54  5:38  Probe (Chrono Boost)  
  55  5:48  Probe x2 (Chrono Boost)  
  55  5:49  Probe (Chrono Boost)  
  58  5:55  Assimilator  
  65  5:58  Probe (Chrono Boost)  
  65  6:03  Probe x2 (Chrono Boost)  
  67  6:07  Probe (Chrono Boost)  
  67  6:09  Probe (Chrono Boost)  
  67  6:13  Assimilator  
  67  6:14  Probe (Chrono Boost)  
  67  6:16  Photon Cannon  
  67  6:18  Probe (Chrono Boost)  
  69  6:19  Pylon  
  69  6:20  Probe (Chrono Boost)  
  69  6:21  Assimilator  
  71  6:26  Probe x2 (Chrono Boost)  
  71  6:29  Probe (Chrono Boost)  
  72  6:33  Probe, Carrier (Chrono Boost)  
  73  6:44  Probe x2 (Chrono Boost)  
  82  6:55  Probe (Chrono Boost)  
  82  6:57  Pylon  
  82  7:04  Protoss Shields Level 1  
  82  7:05  Twilight Council, Pylon  
  82  7:09  Robotics Facility  
  82  7:15  Probe x3  
  85  7:27  Stargate  
  85  7:31  Pylon  
  85  7:34  Probe  
  85  7:36  Probe  
  87  7:41  Nexus, Pylon, Photon Cannon  
  87  7:43  Pylon  
  87  7:44  Templar Archives  
  87  7:45  Pylon  
  87  7:48  Charge  
  87  7:49  Dark Shrine  
  87  8:00  Observer (Chrono Boost)  
  88  8:06  Probe  
  89  8:16  Adept  
  89  8:19  Probe  
  91  8:28  Probe  
  92  8:34  Photon Cannon  
  92  8:38  Gateway  
  92  8:40  Pylon  
  90  8:42  Gateway  
  90  8:43  Phoenix x2 (Chrono Boost)  
  90  8:44  Gateway  
  87  8:51  Protoss Air Weapons Level 2 (Chrono Boost)  
  83  8:58  Observer  
  83  9:00  Probe x2 (Chrono Boost), Pylon  
  84  9:03  Stargate  
  84  9:06  Pylon  
  84  9:09  Carrier (Chrono Boost)  
  84  9:14  Stargate  
  85  9:22  Probe (Chrono Boost)  
  85  9:23  Probe (Chrono Boost)  
  92  9:26  Assimilator  
  92  9:27  Assimilator  
  90  9:36  Photon Cannon  
  90  9:38  Stalker  
  90  9:42  Phoenix (Chrono Boost)  
  92  9:46  Probe  
  92  9:48  Protoss Shields Level 2 (Chrono Boost), Pylon  
  92  9:49  Mothership Core  
  93  9:54  Probe  
  93  9:56  Gateway  
  93  9:57  Probe  
  93  9:58  Pylon  
  95  10:03  Gateway, Pylon  
  95  10:05  Anion Pulse-Crystals  
  93  10:10  Phoenix x3 (Chrono Boost)  
  93  10:14  Observer (Chrono Boost)  
  100  10:20  Gateway, Probe  
  101  10:22  Gateway  
  101  10:24  Carrier (Chrono Boost)  
  101  10:28  Probe  
  102  10:33  Dark Templar  
  104  10:39  Probe  
  111  10:45  Carrier x2 (Chrono Boost)  
  111  11:02  Probe  
  122  11:06  Protoss Air Weapons Level 3  
  122  11:08  Pylon  
  122  11:10  Gateway, Carrier (Chrono Boost)  
  122  11:12  Gateway  
  122  11:15  Pylon  
  122  11:28  Nexus  
  128  11:33  Psionic Storm  
  128  11:34  Pylon  
  128  11:35  Pylon  
  128  11:36  Pylon  
  128  11:38  Forge  
  128  11:41  Carrier (Chrono Boost)  
  128  11:48  Zealot x4  
  140  12:04  Zealot x3  
  140  12:05  Zealot, Carrier (Chrono Boost)  
  148  12:08  Carrier (Chrono Boost)  
  148  12:10  Shield Upgrade  
  148  12:19  Dark Templar  
  150  12:49  Protoss Ground Weapons Level 1 (Chrono Boost)  
  150  12:50  Assimilator  
  146  12:54  Assimilator  
  146  12:57  Photon Cannon  
  146  12:58  High Templar, Protoss Shields Level 3 (Chrono Boost)  
  146  12:59  High Templar  
  150  13:12  High Templar  
  152  13:13  High Templar  
  154  13:28  Archon  
  154  13:29  Archon  
  147  13:38  Carrier x2 (Chrono Boost)  
  147  13:48  Zealot x3  
  149  13:49  Zealot x3  
  171  14:19  High Templar x4  
  179  14:25  Gateway  
  179  14:28  Photon Cannon  
  179  14:30  Pylon  
  179  14:42  Nexus  
  179  14:44  Assimilator  
  179  14:45  Pylon  
  167  14:48  Pylon, Assimilator  
  167  14:51  Pylon  
  167  14:54  Gateway  
  171  15:07  Phoenix x2 (Chrono Boost)  
  171  15:31  Gateway  
  171  15:33  Pylon  
Show
View Real Time Build Order
Export as new Build Order

노동청 Terran 

Build Orders:  

Get SALT Encoding   

  12  0:02  SCV  
  13  0:14  SCV  
  14  0:22  Supply Depot  
  14  0:26  SCV  
  15  0:44  SCV  
  15  0:46  Barracks  
  15  0:48  Supply Depot  
  16  0:56  SCV, Refinery  
  17  1:08  SCV  
  17  1:11  Supply Depot  
  18  1:20  SCV  
  19  1:32  SCV  
  20  1:36  Refinery  
  20  1:37  Barracks Tech Lab  
  20  1:50  Orbital Command  
  20  1:56  Reaper  
  21  2:14  Command Center  
  21  2:37  Reaper  
  21  2:38  SCV  
  21  2:39  Factory  
  23  2:50  Engineering Bay  
  23  2:51  SCV  
  23  3:15  Marine  
  23  3:19  Missile Turret  
  24  3:20  Missile Turret  
  24  3:23  SCV  
  25  3:32  Marine  
  26  3:34  Missile Turret  
  26  3:35  SCV  
  27  3:42  Factory Reactor  
  27  3:50  SCV  
  28  4:01  Missile Turret  
  28  4:02  SCV  
  28  4:10  Starport  
  26  4:25  SCV  
  26  4:29  Marine  
  28  4:32  Starport  
  28  4:35  SCV  
  28  4:37  SCV  
  30  4:47  SCV  
  30  4:49  SCV  
  30  4:50  Starport Reactor  
  32  4:54  Marine  
  34  5:00  SCV  
  34  5:01  Widow Mine  
  37  5:07  Refinery  
  37  5:10  Orbital Command  
  37  5:12  SCV, Refinery  
  37  5:13  Liberator  
  37  5:14  Liberator  
  37  5:23  Starport Tech Lab  
  37  5:24  SCV  
  37  5:25  Armory  
  38  5:34  Liberator  
  42  5:36  SCV  
  42  5:41  Widow Mine  
  45  5:44  Supply Depot  
  45  5:45  Supply Depot  
  45  5:48  SCV  
  46  5:55  Liberator  
  48  5:57  SCV  
  48  5:59  Liberator  
  48  6:09  SCV  
  52  6:22  SCV  
  53  6:34  SCV  
  53  6:36  Terran Vehicle Armor Level 1  
  54  6:46  SCV  
  55  6:58  SCV  
  56  7:02  Viking x3  
  62  7:19  Command Center x2  
  62  7:35  Viking x3  
  68  7:43  SCV  
  69  7:51  Unknown  
  69  7:54  Starport  
  69  7:55  SCV  
  70  8:20  Supply Depot x2  
  70  8:24  Viking  
  70  8:26  Viking  
  70  8:30  SCV, Viking, Terran Ship Armor Level 1  
  69  8:43  SCV  
  62  8:54  Viking  
  56  8:56  Viking  
  56  8:59  Starport Reactor  
  56  9:00  Viking  
  58  9:07  Marine, Liberator  
  58  9:09  Hellion x2  
  63  9:19  Orbital Command  
  63  9:22  Refinery  
  63  9:25  Marine  
  63  9:26  Refinery  
  63  9:27  Liberator x2  
  65  9:43  Marine  
  70  9:50  Liberator  
  70  9:52  Liberator  
  70  10:04  SCV  
  75  10:16  SCV  
  75  10:17  Starport  
  76  10:27  Terran Vehicle Armor Level 2  
  76  10:28  SCV  
  77  10:31  Viking x3  
  83  10:40  SCV  
  84  10:50  Viking  
  84  10:52  SCV  
  87  11:02  Liberator  
  87  11:03  Viking x4  
  95  11:04  SCV  
  95  11:06  Starport Reactor  
  96  11:14  SCV  
  96  11:16  SCV  
  100  11:28  SCV  
  100  11:30  Planetary Fortress  
  101  11:33  Missile Turret  
  101  11:38  Missile Turret  
  101  11:40  SCV  
  101  11:44  Viking x4  
  101  11:45  Viking  
  112  11:53  SCV  
  113  11:56  Hellion  
  115  12:14  Starport  
  115  12:15  Hellion  
  115  12:18  Hellion  
  115  12:19  SCV  
  116  12:23  Refinery x2  
  116  12:34  SCV x2  
  116  12:36  Hellion  
  116  12:39  Viking  
  116  12:41  Hellion  
  116  12:43  Terran Ship Armor Level 2  
  116  12:45  Viking  
  116  13:05  Starport Reactor  
  116  13:10  Supply Depot  
  116  13:11  Supply Depot  
  116  13:27  Viking  
  116  13:28  Viking x2  
  116  13:29  SCV x2  
  116  13:30  Viking x2  
  106  13:41  SCV x2  
  92  13:45  Viking x2  
  90  13:53  SCV  
  85  13:57  Viking  
  85  13:58  Viking x2  
  85  14:00  Viking  
  91  14:05  SCV  
  82  14:19  Viking x3  
  88  14:29  Viking x3  
  86  14:40  SCV  
  85  14:52  SCV  
  86  15:04  SCV  
  87  15:16  SCV  
  80  15:28  SCV  
Tags
 
Add a new tag
Caveats
  • Supply blocks, unpowered buildings, or Contaminate may cause inaccurate times.
  • Supply counts are checked every 10 seconds.